 Dungeon Crawl Stone Soup version 0.31-a0-774-g0d66cbabe8 (webtiles) character file.

Game seed: 12518867772871233

15 cforsyth the Sneak (level 2, 0/25 HPs)
             Began as a Djinni Delver on Sept 18, 2023.
             Slain by a gnoll sergeant
             ... wielding a +0 spear
              (8 damage)
             ... on level 5 of the Dungeon.
             The game lasted 00:00:52 (293 turns).

cforsyth the Sneak (Djinni Delver)                   Turns: 293, Time: 00:00:53

Health: 0/25       AC:  3    Str: 17    XL:     2   Next: 65%
Gold:   56         EV: 12    Int: 11    God:
                   SH:  0    Dex: 14

rFire   + + +        a - +0 falchion
rCold   . . .        (no shield)
rNeg    . . .        b - +0 leather armour
rPois   ∞            (no helmet)
rElec   +            (no cloak)
rCorr   +            (no gloves)
SInv    .            (boots unavailable)
Will    .....        (no amulet)
Stlth   ++           e - +6 ring of strength
HPRegen 0.24/turn    (no ring)
MPRegen 0.00/turn

%: infuse magic (-1 HP)
@: resistant, flying
A: sickness immunity, fire resistance 2, cold vulnerability 1, float, innate
caster, HP casting, extra vitality 1
a: no special abilities


You were on level 5 of the Dungeon.
You visited 1 branch of the dungeon, and saw 1 of its levels.

You collected 56 gold pieces.

Inventory:

Hand Weapons
 a - a +0 falchion (weapon)
Armour
 b - a +0 leather armour (worn)
Jewellery
 e - a +6 ring of strength (left hand)
Wands
 g - a wand of digging (3)
Scrolls
 c - a scroll of fog
 d - a scroll of revelation
Potions
 f - a potion of haste


   Skills:
 + Level 3.4 Fighting
 - Level 1.7 Long Blades
 - Level 2.1 Dodging
 - Level 4.1 Stealth
 + Level 1.0 Spellcasting
 + Level 1.0 Conjurations
 + Level 1.0 Hexes
   Level 0.0 Charms
 + Level 1.0 Summonings
 + Level 1.0 Necromancy
 + Level 1.0 Translocations
 + Level 1.0 Transmutations
 + Level 1.0 Fire Magic
 + Level 1.0 Ice Magic
 + Level 1.0 Air Magic
 + Level 1.0 Earth Magic
 + Level 1.0 Poison Magic You didn't know any spells. Your spell library was empty.

Dungeon Overview and Level Annotations

Branches:
Dungeon (5/15)
 Temple: D:4-7

Altars:

Annotations:
D:5 Ijyb


Innate Abilities, Weirdness & Mutations

You are immune to sickness and miasma.
You are immune to poison.
Your flesh is very heat resistant. (rF++)
You are vulnerable to cold. (rC-)
You float through the air rather than walking.
You learn spells naturally, not from books.
Your magical power is your life essence.
You have superior vitality. (+4 MHP)


Message History

Your Transmutations skill increases to level 1!
Your Fire Magic skill increases to level 1!
Your Ice Magic skill increases to level 1!
Your Air Magic skill increases to level 1!
Your Earth Magic skill increases to level 1!
Your Poison Magic skill increases to level 1!
No target in view!
No target in view!
No target in view!
No target in view!
No target in view!
No target in view!
You see here an adder corpse.
You see here 3 stones.
h - a clear potion
Found 11 gold pieces.
You see here a +1 scale mail of fire resistance.
No target in view!
No target in view!
No target in view!
You now have 45 gold pieces (gained 11).
You now have 47 gold pieces (gained 2).
You now have 56 gold pieces (gained 9).
Ijyb the Twisted Goblin comes into view.
She is wielding a +0 dagger of holy wrath and carrying a wand of roots.
A gnoll sergeant and 3 gnolls come into view.
The gnoll shouts! x2; You hear a shout!
The gnoll moves out of view.
The gnoll sergeant shouts!
You hear a shout!
Okay, then.
It was a potion of resistance.
You feel protected. The gnoll hits you but does no damage.
The gnoll sergeant hits you from afar with a +0 spear!
You barely miss the gnoll. The gnoll hits you with a +0 club.
The gnoll sergeant hits you from afar with a +0 spear.
* * * LOW HITPOINT WARNING * * *
You barely miss the gnoll. The gnoll barely misses you.
The gnoll sergeant hits you from afar with a +0 spear!
You die...

#.......#######.###
#.#.............#..
#.############..#[#
#.# #..#.# #.##
#..#.# #..# #..#.#
##.# #..#.# #.#
#..... #@# ##.#.#
#g# #.#.# #g# #.#.#
#g# #.#.. .......g#
#.#.# ..g..####
######.#.# ..gg
..........# ...
#######..#. ..
....###


You could see a gnoll sergeant and 3 gnolls.

Vanquished Creatures
  An adder (D:5)
  3 orcs (D:5)
4 creatures vanquished.

Notes
Turn   | Place    | Note
-------+----------+-------------------------------------------
     0 | D:5      | cforsyth the Djinni Delver began the quest for the Orb.
     0 | D:5      | Reached XP level 1. HP: 20/20 MP: 0/0
    85 | D:5      | Reached XP level 2. HP: 13/25 MP: 0/0
   178 | D:5      | Reached skill level 1 in Spellcasting
   178 | D:5      | Reached skill level 1 in Conjurations
   178 | D:5      | Reached skill level 1 in Hexes
   178 | D:5      | Reached skill level 1 in Summonings
   178 | D:5      | Reached skill level 1 in Necromancy
   178 | D:5      | Reached skill level 1 in Translocations
   178 | D:5      | Reached skill level 1 in Transmutations
   178 | D:5      | Reached skill level 1 in Fire Magic
   178 | D:5      | Reached skill level 1 in Ice Magic
   178 | D:5      | Reached skill level 1 in Air Magic
   178 | D:5      | Reached skill level 1 in Earth Magic
   178 | D:5      | Reached skill level 1 in Poison Magic
   272 | D:5      | Noticed Ijyb
   284 | D:5      | Noticed a gnoll sergeant
   293 | D:5      | Slain by a gnoll sergeant

Illustrated notes

Levels and vault maps discovered:
D:5:      layout_loops_ring, uniq_grinder, uniq_ijyb, uniq_eustachio

Skill      XL: |  1  2 |
---------------+-------+-----
Spellcasting   | 1 |  1.0
Conjurations   | 1 |  1.0
Hexes          | 1 |  1.0
Summonings     | 1 |  1.0
Necromancy     | 1 |  1.0
Translocations | 1 |  1.0
Transmutations | 1 |  1.0
Fire Magic     | 1 |  1.0
Ice Magic      | 1 |  1.0
Air Magic      | 1 |  1.0
Earth Magic    | 1 |  1.0
Poison Magic   | 1 |  1.0
Fighting       | |  3.4
Long Blades    | |  1.7
Dodging        | |  2.1
Stealth        | |  4.1

Action                     || total
---------------------------++-------
  Melee: Falchion          ||    16
    Use: Scroll            ||     1
         Potion            ||     1
 Armour: Leather armour    ||    14
  Dodge: Dodged            ||    10

Table legend: (Time is in decaauts)
 A = Elapsed time spent in this place.
 B = Non-inter-level travel time spent in this place.
 C = Inter-level travel time spent in this place.
 D = Time resting spent in this place.
 E = Time spent auto-exploring this place.
 F = Levels seen in this place.
 G = Mean time per level.
                   A        B        C        D        E       F      G
               +--------+--------+--------+--------+--------+-----+--------+
         Total |    295 |    295 |      0 |     70 |    101 |   1 |  295.0 |
       Dungeon |    295 |    295 |      0 |     70 |    101 |   1 |  295.0 |
               +--------+--------+--------+--------+--------+-----+--------+

Top non-repeatable levels by time:
     D:5: 295 daAuts
